 Dungeon Sprint DCSS version 0.20.1-1-g8b1a95d (webtiles) character file.

9683 potatolord6000 the Unseen (level 11, -7/118 HPs)
             Began as a Naga Assassin on Aug 28, 2017.
             Was a High Priest of Dithmenos.
             Mangled by a spriggan rider
             ... wielding a +0 spear
              (12 damage)
             ... in the Dungeon (Sprint IV: "Fedhas' Mad Dash").
             The game lasted 00:11:28 (1535 turns).

potatolord6000 the Unseen (Naga Assassin)           Turns: 1535, Time: 00:11:28

Health: -7/118     AC:  6    Str: 13    XL:     11   Next: 50%
Magic:  12/18      EV: 10    Int: 11    God:    Dithmenos [*****.]
Gold:   151        SH:  6    Dex: 17    Spells: 10/10 levels left

rFire    . . .     SeeInvis +   a - +2 dagger
rCold    . . .     Gourm    .   i - +2 buckler
rNeg     + + +     Faith    .   n - +1 robe {MR+}
rPois    ∞         Spirit   .   (no helmet)
rElec    .         Reflect  .   d - +0 cloak
rCorr    .         Harm     .   (no gloves)
MR       +++++     NoTele   +   (no barding)
Stlth    ++++++++++             b - amulet of invisibility {+Inv}
Regen    0.3/turn               e - ring of protection from magic
MPRegen  0.2/turn               (no ring)

@: shadow-form, wreathed by umbra, drained, invisible, very slow
A: see invisible, deformed body, poison resistance, slowness 2, slow metabolism
1, spit poison 1, AC +3
a: Spit Poison, End Transformation, Shadow Step, Shadow Form, Renounce Religion,
Evoke Invisibility


You were in the Dungeon.
You worshipped Dithmenos.
Dithmenos was extremely pleased with you.
You were not hungry.
You were a swirling mass of dark shadows.
You visited 1 branch You collected 151 gold pieces.

Inventory:

Hand Weapons
 a - a +2 dagger (weapon)
Armour
 d - a +0 cloak (worn)
 i - a +2 buckler (worn)
 n - a +1 robe of magic resistance (worn)
Jewellery
 b - the amulet of invisibility (around neck) {+Inv}
   (You found it in the Dungeon)

   [amulet of nothing]

   It lets you turn invisible.
 e - a ring of protection from magic (left hand)
Scrolls
 c - a scroll of remove curse {unknown}
 j - a scroll of immolation {unknown}
 m - a scroll of blinking
Potions
 k - 2 potions of magic
 l - a potion of lignification {unknown}
Books
 f - a Young Poisoner's Handbook

   Spells                             Type                      Level
   a - Sting                          Conjuration/Poison           1
   b - Poisonous Vapours              Poison/Air                   2
   c - Mephitic Cloud                 Conjuration/Poison/Air       3
   d - Olgreb's Toxic Radiance        Poison                       4
   e - Venom Bolt                     Conjuration/Poison           5
 o - a book of Minor Magic

   Spells                             Type                      Level
   a - Magic Dart                     Conjuration                  1
   b - Blink                          Translocation                2
   c - Call Imp                       Summoning                    2
   d - Slow                           Hexes                        2
   e - Conjure Flame                  Conjuration/Fire             3
   f - Mephitic Cloud                 Conjuration/Poison/Air       3
Comestibles
 g - 9 royal jellies


   Skills:
 + Level 13.8(12.4) Fighting
 + Level 13.7(12.4) Short Blades
 - Level 1.7(0.7) Throwing
 - Level 4.1(3.0) Dodging
 + Level 20.3(18.8) Stealth
 + Level 9.9(8.6) Invocations
 - Level 10.1(8.9) Evocations


You had 10 spell levels left.
You didn't know any spells.

Dungeon Overview and Level Annotations

Branches:
Dungeon (1/1)

Altars:
Cheibriados
Dithmenos
Elyvilon
Gozag
Hepliaklqana
Kikubaaqudgha
Makhleb
Nemelex Xobeh
Okawaru
Qazlal
Ru
Sif Muna
Trog
Uskayaw
Vehumet
Xom
Yredelemnul
Zin
The Shining One
Beogh
Jiyva
Lugonu

Shops:
D *(*}*:[


Innate Abilities, Weirdness & Mutations

You cannot wear boots.
Your serpentine skin is tough. (AC +3)
You have supernaturally acute eyesight. (SInv)
Armour fits poorly on your strangely shaped body.
Your system is resistant to poisons. (rPois)
You cover ground very slowly.
You have a slow metabolism.
You can spit poison.


Message History

You barely miss the spriggan rider.
The spriggan rider is lightly wounded.
The demonic crawler closely misses you. The demonic crawler hits you.
* * * LOW HITPOINT WARNING * * *
You emit a cloud of dark smoke.
You feel drained. The demonic crawler barely misses you.
You miss the spriggan rider.
The spriggan rider is lightly wounded.
Your shadow barely misses the spriggan rider.
The spriggan rider hits you with a spear.
* * * LOW HITPOINT WARNING * * *
You emit a cloud of dark smoke.
You feel drained. The demonic crawler hits you.
The demonic crawler hits you but does no damage.
The demonic crawler hits you.
* * * LOW HITPOINT WARNING * * *
You emit a cloud of dark smoke.
You feel drained.
You hit the spriggan rider but do no damage.
The spriggan rider is lightly wounded.
The spriggan rider hits you with a spear!!
You die...

#∩†.............)...)P..........
#∩†..................P...#######
###########'##############
#..........# #.i# #.......P..#
.i..+ ###.P....### ....#
###.§§## #$$$$# #.§§§####$$$$$#
#.§§§§Wi§$$$$$+ #..§§§s§§$$$$$#
###############


You could see a spriggan rider and a demonic crawler.

Vanquished Creatures
  Agnes (D)
  A ghost moth (D)
  A spriggan defender (D)
  A spriggan berserker (D)
  A spriggan druid (D)
  5 oklob plants (D)
  A demonic crawler (D)
  A queen bee (D)
  2 burning bushes (D)
  A wandering mushroom (D)
  4 hornets (D)
  A scorpion (D)
  4 killer bees (D)
  A worker ant (D)
  5 oklob saplings (D)
  4 spriggans (D)
  A river rat (D)
  A rat (D)
  A ballistomycete (D)
  A ballistomycete spore (D)
38 creatures vanquished.

Vanquished Creatures (others)
  A ballistomycete spore (D)
1 creature vanquished.

Grand Total: 39 creatures vanquished

Notes
Turn   | Place    | Note
-------+----------+-------------------------------------------
     0 | D        | potatolord6000 the Naga Assassin began the quest for the Orb.
     0 | D        | Reached XP level 1. HP: 19/19 MP: 1/1
    18 | D        | Reached skill level 1 in Dodging
    18 | D        | Reached skill level 6 in Stealth
    18 | D        | Reached XP level 2. HP: 27/27 MP: 2/2
    22 | D        | Noticed an oklob sapling
    24 | D        | Killed an oklob sapling
    24 | D        | Reached skill level 7 in Stealth
    24 | D        | Reached XP level 3. HP: 34/34 MP: 3/3
    31 | D        | Reached skill level 8 in Stealth
    31 | D        | Reached XP level 4. HP: 44/44 MP: 4/4
    56 | D        | Found an opulent altar of Gozag.
    56 | D        | Found a hazy altar of Hepliaklqana.
    56 | D        | Found a burning altar of Makhleb.
    56 | D        | Found a roughly hewn altar of Beogh.
    56 | D        | Found a sparkling altar of Nemelex Xobeh.
    56 | D        | Found a snail-covered altar of Cheibriados.
    56 | D        | Found a sacrificial altar of Ru.
    56 | D        | Found a deep blue altar of Sif Muna.
    56 | D        | Found a shimmering altar of Xom.
    56 | D        | Found a basalt altar of Yredelemnul.
    57 | D        | Found a viscous altar of Jiyva.
    57 | D        | Found a bloodstained altar of Trog.
    57 | D        | Noticed an oklob sapling priest
    58 | D        | Found an iron altar of Okawaru.
    58 | D        | Found a shadowy altar of Dithmenos.
    58 | D        | Found a glowing silver altar of Zin.
    59 | D        | Found an ancient bone altar of Kikubaaqudgha.
    59 | D        | Found a hide-covered altar of Uskayaw.
    61 | D        | Found a stormy altar of Qazlal.
    61 | D        | Found a glowing golden altar of the Shining One.
    61 | D        | Found a white marble altar of Elyvilon.
    62 | D        | Found a radiant altar of Vehumet.
    62 | D        | Found a corrupted altar of Lugonu.
    65 | D        | Killed an oklob sapling priest
    65 | D        | Reached skill level 9 in Stealth
    72 | D        | Became a worshipper of Dithmenos the Shadowed
    84 | D        | Reached skill level 5 in Fighting
    84 | D        | Reached skill level 5 in Short Blades
    84 | D        | Reached XP level 5. HP: 52/52 MP: 5/5
   104 | D        | Reached skill level 10 in Stealth
   104 | D        | Reached skill level 1 in Invocations
   104 | D        | Reached skill level 1 in Evocations
   108 | D        | Reached * piety under Dithmenos
   111 | D        | Reached XP level 6. HP: 20/62 MP: 4/7
   447 | D        | Found Atheih's General Store.
   447 | D        | Found Baberixee's Gadget Emporium.
   456 | D        | Noticed a burning bush
   456 | D        | Noticed a wandering mushroom
   519 | D        | Noticed a queen bee
   525 | D        | Noticed a burning bush
   528 | D        | Killed a burning bush
   528 | D        | Reached ** piety under Dithmenos
   528 | D        | Reached skill level 12 in Stealth
   528 | D        | Reached skill level 5 in Invocations
   528 | D        | Reached XP level 7. HP: 62/72 MP: 7/10
   630 | D        | Killed a queen bee
   630 | D        | Reached skill level 13 in Stealth
   632 | D        | Reached *** piety under Dithmenos
   653 | D        | Reached XP level 8. HP: 50/82 MP: 11/13
   792 | D        | Noticed an oklob plant
   811 | D        | Killed an oklob plant
   811 | D        | Reached skill level 14 in Stealth
   950 | D        | Noticed a burning bush
   950 | D        | Noticed an oklob plant
   953 | D        | Noticed a wandering mushroom
   954 | D        | Killed a burning bush
   954 | D        | Reached **** piety under Dithmenos
   954 | D        | Reached skill level 15 in Stealth
   960 | D        | Killed an oklob plant
   960 | D        | Reached skill level 10 in Fighting
   960 | D        | Reached skill level 10 in Short Blades
   960 | D        | Reached skill level 5 in Evocations
   960 | D        | Reached XP level 9. HP: 93/93 MP: 13/15
   963 | D        | Killed a wandering mushroom
   984 | D        | Noticed a spriggan druid
   986 | D        | Killed a spriggan druid
   986 | D        | Reached ***** piety under Dithmenos
   986 | D        | Reached skill level 16 in Stealth
  1015 | D        | Noticed an oklob plant conjurer
  1017 | D        | Killed an oklob plant conjurer
  1187 | D        | Noticed Agnes
  1189 | D        | Found Wupsisush's Book Emporium.
  1189 | D        | Noticed a spriggan berserker
  1191 | D        | Found Miket's Armour Shoppe.
  1194 | D        | Killed Agnes
  1194 | D        | Reached skill level 18 in Stealth
  1194 | D        | Reached XP level 10. HP: 106/106 MP: 14/16
  1199 | D        | Killed a spriggan berserker
  1205 | D        | Noticed a spriggan defender
  1213 | D        | Killed a spriggan defender
  1231 | D        | Noticed a spriggan rider
  1242 | D        | Killed a spriggan rider
  1242 | D        | Reached skill level 19 in Stealth
  1242 | D        | Reached skill level 10 in Evocations
  1242 | D        | Reached XP level 11. HP: 117/117 MP: 18/18
  1277 | D        | Noticed a ghost moth
  1278 | D        | Found Fuetega's Weapon Boutique.
  1278 | D        | Found Guqaanon's General Store.
  1278 | D        | Found Uroobanit's General Store.
  1284 | D        | Killed a ghost moth
  1284 | D        | Reached skill level 20 in Stealth
  1357 | D        | Noticed an oklob plant shifter
  1357 | D        | Noticed an oklob plant meteorologist
  1364 | D        | Killed an oklob plant shifter
  1364 | D        | Reached ****** piety under Dithmenos
  1372 | D        | Killed an oklob plant meteorologist
  1499 | D        | Noticed a spriggan rider
  1534 | D        | HP: 5/118 [demonic crawler (2)]
  1535 | D        | Mangled by a spriggan rider

Skill      XL: |  1  2  3  4  5  6  7  8  9 10 11 |
---------------+----------------------------------+-----
Dodging        | 1 2 3 4 |  4.1
Stealth        | 6 7 8 9 10 12 13 15 18 19 20 | 20.3
Fighting       | 3 4 5 6 7 8 10 12 13 | 13.8
Short Blades   | 3 4 5 6 7 8 10 12 13 | 13.7
Invocations    | 2 5 7 8 9 |  9.9
Evocations     | 2 5 8 10 | 10.1
Throwing       | |  1.7

Action                   |  1- 3 |  4- 6 |  7- 9 | 10-12 || total
-------------------------+-------+-------+-------+-------++-------
Melee: Dagger            |     7 |    23 |    31 |    67 ||   128
Invok: Shadow Step       |       |       |       |     1 ||     1
       Shadow Form       |       |       |       |     1 ||     1
 Abil: Evoke Invisibilit |       |     4 |     4 |     1 ||     9
  Use: Potion            |     1 |     2 |       |     1 ||     4
 Stab: Sleeping          |     4 |     3 |    12 |     8 ||    27
       Invisible         |       |       |     2 |     4 ||     6
  Eat: Bread ration      |       |     1 |       |       ||     1
Armor: Robe              |       |     2 |       |     7 ||     9
Dodge: Dodged            |       |     3 |     7 |    40 ||    50
Block: Buckler           |       |       |       |    24 ||    24
